[Event "Titled Tuesday Blitz August 1 Late 2023"]
[White "Golubka, Petro"]
[Black "ExchangeAB"]
[WhiteFideId "14114224"]
[WhiteElo "2755"]
[BlackElo "2503"]
[Result "1-0"]
[Round "7"]
[TimeControl "180+1"]
[Date "2023.08.01"]
[WhiteClock "0:00:48"]
[BlackClock "0:01:10"]
[Board "20"]

1. e4 c6 2. d3 d5 3. Nd2 Nd7 4. f4 e6 5. Ngf3 Bc5 6. d4 Bb6 7. c4 dxe4 8. Nxe4 Qe7 9. c5 Ba5+ 10. Bd2 Bxd2+ 11. Qxd2 Ngf6 12. Nd6+ Kf8 13. Ng5 h6 14. Ngxf7 Rg8 15. Ne5 Nxe5 16. fxe5 1-0


[Site "https://www.chess.com"]

[Event "Titled Tuesday Blitz August 1 Late 2023"]
[White "Xiong, Jeffery"]
[Black "Suder, Jakub"]
[WhiteFideId "2047640"]
[BlackFideId "1195310"]
[WhiteElo "2974"]
[BlackElo "2582"]
[Result "1-0"]
[Round "7"]
[TimeControl "180+1"]
[Date "2023.08.01"]
[WhiteClock "0:01:42"]
[BlackClock "0:00:00"]
[Board "22"]

1. e4 c5 2. Nf3 e6 3. c3 Nf6 4. Bd3 d6 5. Bc2 Nbd7 6. d4 e5 7. O-O Be7 8. Re1 O-O 9. Nbd2 cxd4 10. cxd4 exd4 11. Nxd4 Nc5 12. Nf1 Re8 13. Ng3 Bf8 14. h3 g6 15. Bf4 Ne6 16. Nxe6 Bxe6 17. Ba4 Bd7 18. Bb3 Be6 19. Qf3 Bxb3 20. Qxb3 Qb6 21. Qxb6 axb6 22. a3 Ra4 23. Rac1 Nxe4 24. b4 Nf6 25. Rxe8 Nxe8 26. Rc8 Ng7 27. Ne4 Ne6 28. Bc1 f5 29. Nxd6 Nd4 30. Bb2 Nc2 31. Nb5 Ne1 32. Bd4 Nd3 33. Bxb6 Nxb4 34. axb4 Rxb4 35. Rxf8+ Kxf8 36. Bc5+ 1-0


[Site "https://www.chess.com"]

[Event "Titled Tuesday Blitz August 1 Late 2023"]
[White "Domingo Nunez, Ruben"]
[Black "Aravindh, Chithambaram VR."]
[WhiteFideId "22245570"]
[BlackFideId "5072786"]
[WhiteElo "2575"]
[BlackElo "2883"]
[Result "0-1"]
[Round "7"]
[TimeControl "180+1"]
[Date "2023.08.01"]
[WhiteClock "0:00:01"]
[BlackClock "0:00:12"]
[Board "23"]

1. Nf3 g6 2. d4 Bg7 3. g3 b6 4. Bg2 Bb7 5. O-O Nf6 6. c4 O-O 7. d5 Na6 8. Nc3 Nc5 9. Re1 e6 10. e4 d6 11. Qc2 Re8 12. Bd2 a5 13. b3 exd5 14. exd5 Nfe4 15. Rad1 Nxd2 16. Qxd2 Rxe1+ 17. Rxe1 Bc8 18. Nd4 Bd7 19. Nc6 Qf6 20. Nb5 Na6 21. Re2 Re8 22. Rxe8+ Bxe8 23. Qe1 Bd7 24. h4 h5 25. Bf1 Bf8 26. Bd3 Qb2 27. Qe2 Qa1+ 28. Kg2 Bh3+ 29. Kh2 Bg4 30. Qd2 Bf3 31. g4 Qh1+ 32. Kg3 Qg2+ 33. Kf4 Qxg4+ 34. Ke3 Bh6# 0-1


[Site "https://www.chess.com"]

[Event "Titled Tuesday Blitz August 1 Late 2023"]
[White "Taboas Rodriguez, Daniel"]
[Black "Ibarra Jerez, Jose Carlos"]
[WhiteFideId "2208466"]
[BlackFideId "2226332"]
[WhiteElo "2575"]
[BlackElo "2877"]
[Result "0-1"]
[Round "7"]
[TimeControl "180+1"]
[Date "2023.08.01"]
[WhiteClock "0:00:00"]
[BlackClock "0:00:11"]
[Board "24"]

1. d4 Nf6 2. c4 e6 3. Nf3 b6 4. Nc3 Bb4 5. Qc2 Bb7 6. a3 Bxc3+ 7. Qxc3 Ne4 8. Qc2 O-O 9. g3 f5 10. Bg2 Qc8 11. O-O d6 12. b4 Nd7 13. Bb2 c5 14. Rad1 Qc7 15. Qd3 cxb4 16. axb4 b5 17. cxb5 Bd5 18. Nd2 Ndf6 19. Nxe4 fxe4 20. Qa3 Qb7 21. Qa5 Rfb8 22. Bc1 Qxb5 23. Bf4 Qd7 24. Rc1 Rb7 25. Rb1 Rab8 26. Rfc1 h6 27. h4 Nh5 28. Be3 Nf6 29. Bf4 Rb6 30. Rc3 Ba8 31. Rbc1 Nd5 32. Ra3 a6 33. Bd2 e3 34. fxe3 Rc6 35. Rxc6 Qxc6 36. Qxa6 Qc2 0-1


[Site "https://www.chess.com"]

[Event "Titled Tuesday Blitz August 1 Late 2023"]
[White "Adan Bermudez, Sergio"]
[Black "Shtembuliak, Evgeny"]
[WhiteFideId "2292726"]
[BlackFideId "14113325"]
[WhiteElo "2573"]
[BlackElo "2863"]
[Result "0-1"]
[Round "7"]
[TimeControl "180+1"]
[Date "2023.08.01"]
[WhiteClock "0:00:17"]
[BlackClock "0:00:37"]
[Board "25"]

1. d3 Nf6 2. e4 c5 3. Nf3 Nc6 4. g3 g6 5. Bg2 Bg7 6. O-O O-O 7. Re1 d6 8. h3 Nd7 9. a4 Rb8 10. Nc3 a6 11. Be3 Nd4 12. Rb1 b5 13. axb5 axb5 14. Bxd4 cxd4 15. Nd5 e6 16. Nb4 Qc7 17. Ra1 Bb7 18. Na6 Bxa6 19. Rxa6 Rfc8 20. Re2 Nc5 21. Ra2 Ra8 22. Qa1 Rxa2 23. Qxa2 Qb7 24. b3 Ra8 25. Qb2 Qa7 26. Ne1 Qa1 27. Qxa1 Rxa1 28. f4 Bf6 29. Kf2 Na6 30. Rd2 Nb4 31. Bf3 Bd8 32. Rd1 Ra2 33. Rc1 Ba5 34. Bd1 Rb2 35. Ra1 Na2 36. Nf3 Bc3 37. e5 d5 38. h4 h6 39. g4 Kg7 40. g5 h5 41. Ke2 Nb4 42. Rc1 Ra2 43. Nd2 Kf8 44. Nb1 Bb2 0-1


[Site "https://www.chess.com"]

[Event "Titled Tuesday Blitz August 1 Late 2023"]
[White "Hansen, Eric"]
[Black "Leebit02"]
[WhiteFideId "2606771"]
[WhiteElo "2840"]
[BlackElo "2570"]
[Result "1-0"]
[Round "7"]
[TimeControl "180+1"]
[Date "2023.08.01"]
[WhiteClock "0:00:15"]
[BlackClock "0:00:00"]
[Board "26"]

1. d4 Nf6 2. c4 e6 3. Nf3 d5 4. Nc3 c6 5. e3 Nbd7 6. Bd3 dxc4 7. Bxc4 b5 8. Be2 Bd6 9. O-O O-O 10. b3 e5 11. Bb2 Qe7 12. Rc1 Bb7 13. a4 a6 14. Re1 Rfd8 15. Qc2 Rac8 16. Ne4 Nxe4 17. Qxe4 Nf6 18. Qh4 e4 19. Ne5 bxa4 20. bxa4 c5 21. Rb1 cxd4 22. exd4 Qe6 23. Ba1 Rc7 24. Nc4 Be7 25. Qg3 Nd5 26. Ne3 Qc8 27. Bg4 Qb8 28. Nf5 Bf8 29. Rxe4 Nf6 30. Ree1 Nxg4 31. Qxg4 Qc8 32. d5 f6 33. d6 Rf7 34. Nh6+ 1-0


[Site "https://www.chess.com"]

[Event "Titled Tuesday Blitz August 1 Late 2023"]
[White "Rasulov, Vugar"]
[Black "Karwowski, Kacper"]
[WhiteFideId "13402390"]
[BlackFideId "1126032"]
[WhiteElo "2825"]
[BlackElo "2563"]
[Result "1-0"]
[Round "7"]
[TimeControl "180+1"]
[Date "2023.08.01"]
[WhiteClock "0:02:35"]
[BlackClock "0:02:12"]
[Board "27"]

1. c4 e6 2. Nc3 d5 3. d4 a6 4. cxd5 exd5 5. Nf3 Nf6 6. Bg5 Be6 7. e3 Nbd7 8. Bd3 h6 9. Bh4 c6 10. Qc2 Bd6 11. Bg3 Qc7 12. O-O-O b5 13. Kb1 a5 14. Nxb5 cxb5 15. Qxc7 Bxc7 16. Bxc7 b4 17. Rc1 O-O 18. Ne5 Nxe5 19. Bxe5 Nd7 20. Bd6 Rfc8 21. Rxc8+ Rxc8 22. Rc1 Rxc1+ 23. Kxc1 g6 24. b3 Bf5 25. Bxf5 gxf5 26. Bc7 1-0


[Site "https://www.chess.com"]

[Event "Titled Tuesday Blitz August 1 Late 2023"]
[White "Ashraf, Artin"]
[Black "Dobrikov, Marco"]
[WhiteFideId "22514805"]
[BlackFideId "12950378"]
[WhiteElo "2816"]
[BlackElo "2563"]
[Result "1-0"]
[Round "7"]
[TimeControl "180+1"]
[Date "2023.08.01"]
[WhiteClock "0:00:05"]
[BlackClock "0:01:09"]
[Board "28"]

1. e4 g6 2. d4 Bg7 3. Nf3 d6 4. c3 e5 5. dxe5 dxe5 6. Qxd8+ Kxd8 7. Bc4 Be6 8. Bxe6 fxe6 9. Na3 Nd7 10. Nc4 Ke7 11. Bg5+ Bf6 12. Be3 b6 13. O-O-O Bg7 14. Bg5+ Bf6 15. Bxf6+ Ngxf6 16. Ncxe5 Nxe5 17. Nxe5 Nxe4 18. Rd7+ Ke8 19. Rxc7 Nf6 20. Rd1 Nd5 21. Rb7 Rf8 22. c4 Rc8 23. Kb1 Nb4 24. Rxh7 Rc5 25. Nd7 Rxf2 26. Nxc5 bxc5 27. Rxa7 Rxg2 28. Rc7 Rxh2 29. Rxc5 Rf2 30. a3 Nc2 31. Re5 Ke7 32. Re4 Kf6 33. c5 Kf5 34. c6 Kxe4 35. c7 Ne3 36. Rc1 Rf8 37. c8=Q Rxc8 38. Rxc8 g5 39. a4 g4 40. a5 g3 41. a6 Nd5 42. a7 Nb6 43. a8=Q+ Nxa8 44. Rxa8 Kf3 45. Rg8 e5 46. Kc2 e4 47. Kd2 Kf2 48. Rf8+ Kg1 49. Ke2 g2 50. b4 e3 51. b5 Kh1 52. Rh8+ Kg1 53. Rg8 Kh1 54. b6 Kh2 55. b7 Kg1 56. b8=Q Kh1 57. Rh8+ Kg1 58. Qb1# 1-0


[Site "https://www.chess.com"]

[Event "Titled Tuesday Blitz August 1 Late 2023"]
[White "Krzyzanowski, Marcin"]
[Black "Shapiro, Viktor"]
[WhiteFideId "1132199"]
[BlackFideId "4175700"]
[WhiteElo "2769"]
[BlackElo "2560"]
[Result "1-0"]
[Round "7"]
[TimeControl "180+1"]
[Date "2023.08.01"]
[WhiteClock "0:00:17"]
[BlackClock "0:00:10"]
[Board "29"]

1. e4 Nf6 2. e5 Nd5 3. d4 d6 4. Nf3 Bg4 5. Be2 e6 6. O-O Be7 7. Re1 O-O 8. exd6 cxd6 9. Nbd2 Nf4 10. Bf1 Nc6 11. Nb3 Nd5 12. h3 Bh5 13. a3 a5 14. c4 Nb6 15. g4 Bg6 16. d5 exd5 17. cxd5 Ne5 18. Nxe5 dxe5 19. Rxe5 Bf6 20. Re1 a4 21. Nc5 Qxd5 22. Qxd5 Nxd5 23. Bg2 Nb6 24. Nxb7 Nc4 25. Nc5 Rae8 26. Bf4 Bxb2 27. Rad1 Bxa3 28. Nxa4 Bc2 29. Rxe8 Rxe8 30. Rd4 Bxa4 31. Rxc4 Bd7 32. Rc7 Be6 33. Bc6 Rc8 34. Rxc8+ Bxc8 35. Kg2 Be7 36. f3 Be6 37. Be4 h6 38. Bc7 Bf6 39. f4 g5 40. Kg3 Bc4 41. Bf5 Kg7 42. Bc2 Bf1 43. fxg5 hxg5 44. Bf5 Bd4 45. Bd6 f6 46. Bc7 Be5+ 47. Bxe5 fxe5 48. Be4 Kf6 49. h4 gxh4+ 50. Kxh4 Be2 51. g5+ Kg7 52. Kg3 Bh5 53. Bf5 Bg6 54. Bg4 Kf7 55. Kf3 Ke7 56. Ke3 Kd6 57. Bf3 Ke6 58. Bg4+ Kd5 59. Bf3+ Ke6 60. Be4 Bf5 61. Kf3 Bxe4+ 62. Kxe4 Kd6 63. Kf5 Ke7 64. Kxe5 Kf7 65. Kf5 Kg7 66. Kg4 Kg6 67. Kh4 Kg7 68. Kg3 Kg6 69. Kf4 Kg7 70. Kf5 Kf7 71. g6+ Kg7 72. Kg5 Kg8 73. Kh6 Kh8 74. Kh5 Kg8 75. Kg5 Kg7 76. Kf5 Kg8 77. Ke6 Kf8 78. Kf6 Kg8 79. g7 Kh7 80. Kf7 Kh6 81. g8=Q 1-0


[Site "https://www.chess.com"]

[Event "Titled Tuesday Blitz August 1 Late 2023"]
[White "Tsaruk, Maksim"]
[Black "Kochiev, Ivan"]
[WhiteFideId "13511173"]
[BlackFideId "2917890"]
[WhiteElo "2742"]
[BlackElo "2558"]
[Result "1-0"]
[Round "7"]
[TimeControl "180+1"]
[Date "2023.08.01"]
[WhiteClock "0:02:00"]
[BlackClock "0:00:01"]
[Board "30"]

1. e4 Nf6 2. e5 Nd5 3. d4 b5 4. Nf3 e6 5. Bxb5 c5 6. O-O Bb7 7. Nbd2 cxd4 8. Nxd4 Bc5 9. Ne4 Qb6 10. Nxc5 Qxc5 11. c3 O-O 12. Qg4 f6 13. exf6 Nxf6 14. Qg5 e5 15. Nf5 g6 16. Be2 Ne4 17. Nh6+ Kg7 18. Qh4 Nf6 19. Be3 Qc6 20. Bf3 e4 21. Be2 d5 22. Rad1 Qe6 23. Ng4 Nc6 24. Bh6+ Kg8 25. Bxf8 Rxf8 26. Nxf6+ Rxf6 27. Rxd5 Qxd5 28. Qxf6 Ne5 29. Rd1 Nd3 30. Bg4 e3 31. Be6+ Qxe6 32. Qxe6+ 1-0


[Site "https://www.chess.com"]

[Event "Titled Tuesday Blitz August 1 Late 2023"]
[White "Alex_Sahakyan2006"]
[Black "Santos Flores, Alberto"]
[BlackFideId "3601234"]
[WhiteElo "2720"]
[BlackElo "2556"]
[Result "0-1"]
[Round "7"]
[TimeControl "180+1"]
[Date "2023.08.01"]
[WhiteClock "0:00:00"]
[BlackClock "0:00:04"]
[Board "31"]

1. e4 e6 2. d4 d5 3. Bd3 dxe4 4. Bxe4 Nf6 5. Bf3 Bd6 6. Ne2 O-O 7. Nbc3 e5 8. O-O Nbd7 9. Be3 Re8 10. Ng3 c6 11. d5 cxd5 12. Nxd5 Nxd5 13. Qxd5 Nf6 14. Qd3 Bf8 15. Qxd8 Rxd8 16. Rad1 Bg4 17. Ne4 Bxf3 18. Nxf6+ gxf6 19. gxf3 Be7 20. f4 Kf8 21. f5 a6 22. Kg2 Ke8 23. Kf3 Rxd1 24. Rxd1 Rc8 25. c3 Bc5 26. Rg1 Kf8 27. Bh6+ Ke7 28. Rg7 Rh8 29. Rg4 Rd8 30. Rh4 Rd1 31. Re4 Rh1 32. Kg2 Rb1 33. Re2 Rd1 34. Kf3 Rh1 35. Kg2 Rd1 36. h3 Bb6 37. Rd2 Ra1 38. a3 Rb1 39. Kf3 Rh1 40. Kg2 Rb1 41. Be3 Bxe3 42. fxe3 a5 43. Kf3 a4 44. Ke4 Rh1 45. Kd5 Rxh3 46. e4 Re3 47. Rh2 b5 48. Rxh7 Re2 49. Kc5 Rxb2 50. Rh8 Rb3 51. Ra8 Rxc3+ 52. Kxb5 Rxa3 53. Ra7+ Kf8 54. Kc4 Ra1 55. Kc3 Kg7 56. Ra8 Re1 0-1


[Site "https://www.chess.com"]

[Event "Titled Tuesday Blitz August 1 Late 2023"]
[White "Krishna C R G"]
[Black "Toropov, Pavel"]
[WhiteFideId "5018625"]
[BlackFideId "24129178"]
[WhiteElo "2719"]
[BlackElo "2555"]
[Result "0-1"]
[Round "7"]
[TimeControl "180+1"]
[Date "2023.08.01"]
[WhiteClock "0:00:13"]
[BlackClock "0:00:17"]
[Board "32"]

1. d4 d5 2. Nf3 Nf6 3. e3 Bf5 4. Bd3 Bxd3 5. Qxd3 c6 6. O-O e6 7. c4 Be7 8. Nc3 O-O 9. b3 Nbd7 10. Bb2 Qa5 11. Rfe1 Ba3 12. Bxa3 Qxa3 13. Rab1 Qb4 14. a3 Qxa3 15. c5 Qa5 16. b4 Qc7 17. b5 b6 18. cxb6 axb6 19. bxc6 Qxc6 20. Nb5 Rfc8 21. Nd2 Qc2 22. Qxc2 Rxc2 23. Nf3 Ne4 24. Rec1 Raa2 25. Ne5 Rxf2 26. Nxd7 Rxg2+ 27. Kh1 Rxh2+ 28. Kg1 Rag2+ 29. Kf1 Ng3+ 30. Ke1 Rg1# 0-1


[Site "https://www.chess.com"]

[Event "Titled Tuesday Blitz August 1 Late 2023"]
[White "only_strong_moves"]
[Black "Mladek, Richard"]
[BlackFideId "386588"]
[WhiteElo "2714"]
[BlackElo "2549"]
[Result "1-0"]
[Round "7"]
[TimeControl "180+1"]
[Date "2023.08.01"]
[WhiteClock "0:00:11"]
[BlackClock "0:00:26"]
[Board "33"]

1. d4 d5 2. c4 e6 3. Nf3 Nf6 4. Nc3 c5 5. cxd5 exd5 6. g3 Nc6 7. Bg2 cxd4 8. Nxd4 Bc5 9. Be3 Qb6 10. Nxc6 Bxe3 11. fxe3 bxc6 12. Qd4 O-O 13. Qxb6 axb6 14. O-O-O Re8 15. e4 dxe4 16. Rd6 Bb7 17. Rhd1 b5 18. a3 h6 19. Bh3 Re5 20. Bd7 Ra6 21. e3 Kf8 22. h4 Ke7 23. Bh3 h5 24. Rd7+ Nxd7 25. Rxd7+ Kf8 26. Rxb7 f5 27. Ne2 c5 28. Nf4 Rd6 29. Rxb5 Kf7 30. Bf1 g6 31. Bc4+ Kf6 32. Rb8 Rd7 33. Rf8+ Kg7 34. Rg8+ Kh7 35. Rxg6 Re8 36. Rg5 Red8 37. Rxh5+ Kg7 38. Rg5+ Kh7 39. Kb1 Rd2 40. Rxf5 Rb8 41. b3 Rbd8 42. Rf7+ Kh8 43. Ng6+ Kg8 44. Rd7+ 1-0


[Site "https://www.chess.com"]

[Event "Titled Tuesday Blitz August 1 Late 2023"]
[White "Volkov, Maksim"]
[Black "Prado Lobo, Jonas"]
[WhiteFideId "54123070"]
[BlackFideId "32050666"]
[WhiteElo "2701"]
[BlackElo "2551"]
[Result "1-0"]
[Round "7"]
[TimeControl "180+1"]
[Date "2023.08.01"]
[WhiteClock "0:02:27"]
[BlackClock "0:01:05"]
[Board "34"]

1. d4 Nf6 2. c4 c5 3. d5 b5 4. cxb5 a6 5. bxa6 g6 6. Nc3 Bg7 7. e4 O-O 8. Nf3 Qa5 9. Bd2 Qb4 10. Qc2 Bxa6 11. Bxa6 Nxa6 12. a3 Qb8 13. O-O Ng4 14. Nd1 d6 15. Bc3 Qb5 16. Bxg7 Kxg7 17. Nc3 Qc4 18. b3 1-0


[Site "https://www.chess.com"]

[Event "Titled Tuesday Blitz August 1 Late 2023"]
[White "Tikhonov, Viacheslav"]
[Black "Schnaider, Ilan"]
[WhiteFideId "44196407"]
[BlackFideId "169013"]
[WhiteElo "2538"]
[BlackElo "2696"]
[Result "1-0"]
[Round "7"]
[TimeControl "180+1"]
[Date "2023.08.01"]
[WhiteClock "0:00:42"]
[BlackClock "0:00:01"]
[Board "35"]

1. e4 e5 2. Nf3 Nc6 3. Bc4 Nf6 4. Ng5 d5 5. exd5 Na5 6. Bb5+ c6 7. dxc6 bxc6 8. Be2 h6 9. Nh3 Qd5 10. O-O Bd6 11. Nc3 Qd4 12. d3 Qh4 13. Ne4 Be7 14. f4 Bxh3 15. g3 Bf5 16. gxh4 Nxe4 17. dxe4 Bxe4 18. Bf3 Bf5 19. Bd2 e4 20. Bg4 Bxg4 21. Qxg4 Nc4 22. Bc3 Ne3 23. Qxg7 Rf8 24. Qxh6 Kd7 25. Rad1+ Nxd1 26. Rxd1+ Kc7 27. Be5+ Kb6 28. Rd7 Bc5+ 29. Bd4 Rad8 30. Bxc5+ Kxc5 31. Qd6+ Kb6 32. Rxd8 Rxd8 33. Qxd8+ Kb5 34. Qe7 e3 35. Qxe3 1-0


[Site "https://www.chess.com"]

[Event "Titled Tuesday Blitz August 1 Late 2023"]
[White "Klukin, Kirill"]
[Black "Estrada Nieto, Julian"]
[WhiteFideId "24199273"]
[BlackFideId "5101018"]
[WhiteElo "2685"]
[BlackElo "2532"]
[Result "1-0"]
[Round "7"]
[TimeControl "180+1"]
[Date "2023.08.01"]
[WhiteClock "0:00:21"]
[BlackClock "0:00:00"]
[Board "36"]

1. d4 d5 2. c4 dxc4 3. Nf3 Nf6 4. e3 e6 5. Bxc4 a6 6. O-O c5 7. b3 Nc6 8. Bb2 cxd4 9. Nxd4 Bd7 10. Nd2 Nxd4 11. Bxd4 Be7 12. Nf3 O-O 13. Ne5 Bb5 14. Bxb5 axb5 15. Qe2 Qa5 16. a4 bxa4 17. Nc4 Qb4 18. Nb6 Rad8 19. bxa4 Rxd4 20. Rab1 Qd2 21. Qf3 Re4 22. Rfd1 Qc2 23. Rbc1 Qb2 24. Nd7 Rxa4 25. Nxf8 Bxf8 26. Rb1 Qe5 27. Qxb7 Ng4 28. Qb8 g6 29. h3 Qxb8 30. Rxb8 Nf6 31. Rdd8 Ra1+ 32. Kh2 Kg7 33. Rxf8 Ra2 34. f3 e5 35. Rfd8 Ra3 36. e4 Nh5 37. Rb7 Ra6 38. Rdd7 Rf6 39. Re7 Nf4 40. Rxe5 h5 41. h4 Ne2 42. Rd5 Rf4 43. Kh3 Ng1+ 44. Kg3 Ne2+ 45. Kf2 Nc3 46. Rdd7 Nxe4+ 47. Ke3 1-0


[Site "https://www.chess.com"]

[Event "Titled Tuesday Blitz August 1 Late 2023"]
[White "Korchmar, Vasiliy"]
[Black "Romero Pallares, Daniel"]
[WhiteFideId "24131750"]
[BlackFideId "32025637"]
[WhiteElo "2683"]
[BlackElo "2521"]
[Result "0-1"]
[Round "7"]
[TimeControl "180+1"]
[Date "2023.08.01"]
[WhiteClock "0:00:00"]
[BlackClock "0:00:32"]
[Board "37"]

1. e4 g6 2. d4 Bg7 3. c3 d6 4. Bd3 Nf6 5. Nf3 O-O 6. O-O Nc6 7. Bg5 h6 8. Bh4 e5 9. Nbd2 Re8 10. Re1 Qe7 11. d5 Nb8 12. c4 a5 13. a3 a4 14. Bc2 Bd7 15. c5 g5 16. Bg3 Nh5 17. cxd6 cxd6 18. Nc4 b5 19. Ne3 Nf4 20. h4 Na6 21. Rc1 Nc5 22. Bb1 Rac8 23. hxg5 hxg5 24. Nh2 Nb3 25. Rxc8 Rxc8 26. Bxf4 exf4 27. Nf5 Bxf5 28. exf5 Qf6 29. Ng4 Qxb2 30. f6 Bxf6 31. Qd3 Bg7 32. Qh7+ Kf8 33. Nh6 Bxh6 34. Qxh6+ Qg7 35. Qxd6+ Kg8 36. Qd7 Rf8 37. d6 Qc3 38. Qe7 Nc5 39. Qxg5+ Qg7 40. Qxc5 f3 41. g3 Qh6 42. Qf5 Kg7 43. d7 Rh8 44. Qxf3 Qh2+ 45. Kf1 Qh3+ 46. Kg1 Qh2+ 47. Kf1 Qh3+ 48. Qg2 Qxd7 49. Qe4 Qh3+ 50. Qg2 Qg4 51. Kg1 Rd8 52. Be4 Rd1 53. Kf1 Rxe1+ 54. Kxe1 b4 55. axb4 a3 56. Bd5 Qd4 57. f4 Qa1+ 58. Ke2 Qb2+ 59. Ke3 Qc3+ 60. Ke4 Qxb4+ 61. Ke3 Qc3+ 62. Kf2 Qd4+ 63. Kf1 Qd1+ 64. Kf2 Qd4+ 65. Ke2 Qb2+ 66. Kd1 Qxg2 67. Bxg2 a2 0-1


[Site "https://www.chess.com"]

[Event "Titled Tuesday Blitz August 1 Late 2023"]
[White "Papp, Levente"]
[Black "Bettalli, Francesco"]
[WhiteFideId "751243"]
[BlackFideId "2816453"]
[WhiteElo "2678"]
[BlackElo "2520"]
[Result "1/2-1/2"]
[Round "7"]
[TimeControl "180+1"]
[Date "2023.08.01"]
[WhiteClock "0:00:14"]
[BlackClock "0:01:41"]
[Board "38"]

1. c3 g6 2. h4 Bg7 3. h5 d5 4. d4 Bf5 5. Nf3 Nc6 6. Bf4 Qd7 7. Nbd2 Nf6 8. h6 Bf8 9. e3 a6 10. Rc1 Ne4 11. Qb3 Na5 12. Qd1 Nc6 13. b4 e6 14. Ne5 Nxe5 15. Bxe5 Rg8 16. g4 Nxd2 17. Kxd2 f6 18. Bxf6 Qf7 19. g5 Bd6 20. f4 Kd7 21. a4 c6 22. Qb3 b5 23. a5 Kc7 24. Bd3 Kb7 25. Qc2 Qc7 26. Rhf1 Rgf8 27. Bxf5 exf5 28. Be5 Rae8 29. Rf2 Re6 30. Rg1 Rfe8 31. Qd3 Qe7 32. Kc2 Bc7 33. Kb2 Bd6 34. Kc2 Bc7 35. Kb2 Bd6 36. Kc2 1/2-1/2


[Site "https://www.chess.com"]

[Event "Titled Tuesday Blitz August 1 Late 2023"]
[White "Ardelean, George-Catalin"]
[Black "feuervogel1000000"]
[WhiteFideId "1207091"]
[WhiteElo "2673"]
[BlackElo "2518"]
[Result "1-0"]
[Round "7"]
[TimeControl "180+1"]
[Date "2023.08.01"]
[WhiteClock "0:00:11"]
[BlackClock "0:00:04"]
[Board "39"]

1. d4 Nf6 2. Bf4 d5 3. e3 c5 4. Nc3 a6 5. dxc5 e6 6. b4 Nc6 7. a3 a5 8. Rb1 axb4 9. axb4 Be7 10. Nf3 O-O 11. Be2 Bd7 12. Nb5 Ne4 13. O-O b6 14. Bc7 Qc8 15. Bxb6 Bf6 16. c4 Ra2 17. cxd5 exd5 18. Bd3 Bg4 19. Nd6 Nxd6 20. cxd6 Ne5 21. Rc1 Qb7 22. Bc5 Bxf3 23. gxf3 Qd7 24. Kg2 h5 25. Bb1 Rb2 26. Qxd5 h4 27. h3 Rc8 28. Qe4 g6 29. Bd4 Rxc1 30. Rxc1 Rxb4 31. Ba2 Qxd6 32. Qa8+ Rb8 33. Rc8+ Rxc8 34. Qxc8+ Kg7 35. Qb7 Nd7 36. Qb3 Qe7 37. Bxf6+ Nxf6 38. Qc4 Nd7 39. f4 Nf6 40. Qd4 Qb7+ 41. Kg1 Qa6 42. Bc4 Qc6 43. Be2 Qc1+ 44. Kg2 Qc6+ 45. Bf3 Qe6 46. f5 Qxf5 47. Qxh4 Nh7 48. Qd4+ Kh6 49. Bg4 Qb5 50. h4 Qc6+ 51. Bf3 Qf6 52. Qxf6 Nxf6 53. Kg3 Kg7 54. Kf4 Nd7 55. h5 gxh5 56. Bxh5 Kf6 57. Bg4 Ne5 58. e4 Nd3+ 59. Ke3 Ne5 60. Be2 Ke6 61. f4 Nc6 62. Bc4+ Ke7 63. Bd5 Nb4 64. Kd4 f6 65. Bc4 Nc6+ 66. Kc5 Nd8 67. Bd5 Ne6+ 68. Bxe6 Kxe6 69. Kc6 Ke7 70. f5 Ke8 71. Kd6 Kf7 72. Kd7 Kg7 73. Ke7 Kh6 74. Kxf6 1-0


[Site "https://www.chess.com"]

[Event "Titled Tuesday Blitz August 1 Late 2023"]
[White "Kovalevsky, Stanislav"]
[Black "Annaberdiyev, Meylis"]
[WhiteFideId "13508598"]
[BlackFideId "14000563"]
[WhiteElo "2520"]
[BlackElo "2672"]
[Result "0-1"]
[Round "7"]
[TimeControl "180+1"]
[Date "2023.08.01"]
[WhiteClock "0:00:00"]
[BlackClock "0:00:12"]
[Board "40"]

1. c4 e5 2. Nc3 Nc6 3. g3 Bb4 4. Bg2 Bxc3 5. dxc3 d6 6. e4 Nge7 7. Ne2 Be6 8. Qd3 Qd7 9. Be3 a6 10. f4 Bh3 11. Bf3 Bg4 12. O-O Bxf3 13. Rxf3 exf4 14. gxf4 O-O-O 15. Rg3 f5 16. b4 fxe4 17. Qxe4 Nf5 18. Rg5 g6 19. Bf2 Rde8 20. Qf3 Qe6 21. Ng3 Nh4 22. Qg4 Qxg4 23. Rxg4 Nf5 24. Nxf5 gxf5 25. Rg5 Rhg8 26. h4 h6 27. Rg2 Rg4 28. Rxg4 fxg4 29. Re1 Rxe1+ 30. Bxe1 h5 31. Kf2 Ne7 32. Ke3 Kd7 33. Ke4 Ke6 34. a4 c6 35. b5 Nf5 36. Kd3 g3 37. Ke2 g2 38. Kf2 Nxh4 0-1


[Site "https://www.chess.com"]

[Event "Titled Tuesday Blitz August 1 Late 2023"]
[White "Michalczak, Thomas"]
[Black "Rastbod, Ali"]
[WhiteFideId "4622634"]
[BlackFideId "12567477"]
[WhiteElo "2515"]
[BlackElo "2666"]
[Result "0-1"]
[Round "7"]
[TimeControl "180+1"]
[Date "2023.08.01"]
[WhiteClock "0:00:13"]
[BlackClock "0:00:07"]
[Board "41"]

1. e4 c6 2. d4 d5 3. Nc3 dxe4 4. Nxe4 Nf6 5. Nxf6+ exf6 6. c3 Bd6 7. Bd3 O-O 8. Qc2 Re8+ 9. Ne2 h5 10. O-O h4 11. h3 Nd7 12. Bd2 Nf8 13. Rae1 Bc7 14. f4 g6 15. c4 f5 16. b4 a5 17. a3 axb4 18. axb4 Ne6 19. Bc3 Ng7 20. Rf3 Nh5 21. Ref1 Nf6 22. Bb2 Ne4 23. Re3 Be6 24. Bxe4 fxe4 25. Rxe4 Bf5 26. Rxe8+ Qxe8 27. Qd2 b5 28. cxb5 cxb5 29. d5 Bb6+ 30. Kh1 Qe3 31. Qxe3 Bxe3 32. Nd4 Bd7 33. Nc2 Bb6 34. Bd4 Bc7 35. Be5 Bb6 36. Nd4 Rf8 37. Nc6 f6 38. Bd6 Re8 39. Rd1 Kf7 40. Bc5 Bc7 41. Nd4 Bxf4 42. d6 g5 43. Nf3 Kg6 44. Nd4 f5 45. Kg1 Be3+ 46. Kf1 g4 47. hxg4 fxg4 48. Ne2 Rf8+ 49. Ke1 Bg5 50. Nd4 h3 51. gxh3 gxh3 52. Ke2 Bg4+ 53. Kd3 Bxd1 54. Nxb5 Bg4 55. d7 Bxd7 56. Bxf8 Bxb5+ 57. Kd4 h2 58. Bd6 h1=Q 59. Kc5 Qg2 60. Kxb5 Qb7+ 61. Kc5 Bd8 0-1


[Site "https://www.chess.com"]

[Event "Titled Tuesday Blitz August 1 Late 2023"]
[White "Jakubowski, Krzysztof"]
[Black "Koutlas, Nikolaos"]
[WhiteFideId "1112848"]
[BlackFideId "25827138"]
[WhiteElo "2654"]
[BlackElo "2515"]
[Result "1-0"]
[Round "7"]
[TimeControl "180+1"]
[Date "2023.08.01"]
[WhiteClock "0:01:21"]
[BlackClock "0:00:01"]
[Board "42"]

1. e4 c5 2. Nf3 Nc6 3. d4 cxd4 4. Nxd4 Nf6 5. Nc3 h5 6. Be2 d6 7. O-O g6 8. Nb3 Bg7 9. h3 O-O 10. Be3 Bd7 11. Qd2 a6 12. Bh6 Rc8 13. Rad1 Ne5 14. Bxg7 Kxg7 15. f4 Nc6 16. Bf3 Be6 17. Nd5 Bxd5 18. exd5 Qb6+ 19. Kh1 Nb4 20. c3 Nxa2 21. Nd4 Rc7 22. f5 Rc5 23. fxg6 Kxg6 24. Ra1 Nxc3 25. bxc3 Nxd5 26. Be4+ f5 27. Bxf5+ Kf7 28. Be6+ Ke8 29. Rxf8+ Kxf8 30. Qh6+ 1-0


[Site "https://www.chess.com"]

[Event "Titled Tuesday Blitz August 1 Late 2023"]
[White "Grossboss19"]
[Black "Adewumi, Tanitoluwa"]
[BlackFideId "30966396"]
[WhiteElo "2503"]
[BlackElo "2650"]
[Result "0-1"]
[Round "7"]
[TimeControl "180+1"]
[Date "2023.08.01"]
[WhiteClock "0:00:01"]
[BlackClock "0:00:04"]
[Board "43"]

1. d4 Nf6 2. c4 e6 3. Nc3 Bb4 4. e3 O-O 5. Bd3 d5 6. Nf3 b6 7. O-O dxc4 8. Bxc4 Bb7 9. a3 Bxc3 10. bxc3 c5 11. Bd3 Nbd7 12. Bb2 Re8 13. c4 Qc7 14. Qe2 Rad8 15. Rad1 Ng4 16. Ne5 Ndxe5 17. dxe5 Nxe5 18. Bxh7+ Kxh7 19. Qh5+ Kg8 20. Bxe5 Qe7 21. Rxd8 Rxd8 22. Rd1 f6 23. Bc3 Ba6 24. Rxd8+ Qxd8 25. Qg4 Kf7 26. Qh5+ Ke7 27. h3 Qd3 28. Qg4 Kf7 29. Qh5+ Ke7 30. Qg4 g5 31. Be1 Bxc4 32. Kh2 Bd5 33. f3 Qxe3 34. Qg3 Qe5 35. Qxe5 fxe5 36. Bd2 Kf6 37. g4 b5 38. Bc3 Bxf3 39. Kg3 Bd5 40. Kf2 Ke7 41. Bxe5 a5 42. Ke3 b4 43. axb4 cxb4 44. Kd2 a4 45. Bd4 Kd6 46. Be3 a3 47. Bxg5 a2 48. Bf6 e5 0-1


[Site "https://www.chess.com"]